 Dungeon Sprint DCSS version 0.21-a0-274-gc1afaeb (webtiles) character file.

5812 potatolord6000 the Cleaver (level 10, -24/93 HPs)
             Began as a Minotaur Monk on Sept 19, 2017.
             Was a High Priest of Hepliaklqana.
             Killed from afar by an ice dragon (45 damage)
             ... with a blast of cold
             ... in the Dungeon (Sprint VII: "The Pits").
             The game lasted 00:08:00 (1908 turns).

potatolord6000 the Cleaver (Minotaur Monk)          Turns: 1908, Time: 00:08:00

Health: -24/93     AC: 19    Str: 25    XL:     10   Next: 50%
Magic:  14/14      EV: 14    Int:  7    God:    Hepliaklqana [*****.]
Gold:   0          SH:  0    Dex: 13    Spells: 9/9 levels left

rFire    . . .     SeeInvis .   a - +0 battleaxe
rCold    . . .     Gourm    .   (shield currently unavailable)
rNeg     . . .     Faith    .   t - +3 plate armour
rPois    .         Spirit   .   (helmet restricted)
rElec    .         Reflect  .   (no cloak)
rCorr    .         Harm     .   (no gloves)
MR       .....     NoTele   +   (no boots)
Stlth    ..........             (no amulet)
HPRegen  0.25/turn              f - +3 ring of strength
MPRegen  0.14/turn              j - +3 ring of strength

@: very slightly contaminated
A: retaliatory headbutt, reduced essence, horns 2
a: Recall Ancestor, Ancestor Identity, Transference, Idealise, Renounce Religion


You were in the Dungeon.
You worshipped Hepliaklqana.
Hepliaklqana was extremely pleased with you.
You were very full.

You visited 1 branch

Inventory:

Hand Weapons
 a - a +0 battleaxe (weapon)
Armour
 t - a +3 plate armour (worn)
Jewellery
 f - a +3 ring of strength (left hand)
 j - a +3 ring of strength (right hand)
Wands
 b - a wand of random effects (9/48)
Scrolls
 k - 3 scrolls of remove curse
 l - 5 scrolls of amnesia
Potions
 d - 4 potions of curing
 g - 4 potions of magic
 h - 2 potions of berserk rage
 p - 4 potions of brilliance
 q - a potion of haste
 s - a potion of might
Comestibles
 c - 8 bread rations
 n - 37 fruits
 o - 5 meat rations


   Skills:
 + Level 14.4 Fighting
 + Level 14.5 Axes
 + Level 14.0 Armour
 + Level 13.4 Dodging
 - Level 1.5 Stealth
 + Level 6.7 Invocations


You had 9 spell levels left.
You didn't know any spells.

Dungeon Overview and Level Annotations

Branches:
Dungeon (1/1)

Altars:
Ashenzari
Cheibriados
Dithmenos
Elyvilon
Fedhas
Gozag
Hepliaklqana
Kikubaaqudgha
Makhleb
Nemelex Xobeh
Okawaru
Qazlal
Ru
Sif Muna
Trog
Uskayaw
Vehumet
Wu Jian
Xom
Yredelemnul
Zin
The Shining One
Beogh
Jiyva
Lugonu


Innate Abilities, Weirdness & Mutations

You reflexively headbutt those who attack you in melee.
You have a pair of horns on your head.
Your life essence is reduced to manifest your ancestor. (-10% HP)


Message History

Blink to where?
Press: ? - help, Dir - move target cursor You are very lightly contaminated with residual magic.
As you read the scroll of blinking, it crumbles to dust.
Something barely misses Nolwazi.
Something closely misses Nolwazi.
Nolwazi blocks something's attack.
As you read the scroll of summoning, it crumbles to dust.
Wisps of shadow whirl around you...
Something barely misses Nolwazi.
The ufetubus hits Nolwazi but does no damage. x2
Nolwazi hits the ufetubus with a flail.
You swap places.
There is an open door here.
You see here a trident.
Your small abomination hits the ice dragon!
Your small abomination closely misses the ice dragon.
The ice dragon breathes frost at you.
The blast of cold hits your small abomination.
Your small abomination is destroyed!
The blast of cold hits you!
You die...

..<...##..##..##.##.....
......##..##.##...##...#
......##..####.....##.##
......##...##......#...#
########....'......+...+
########...##......#...#
.#..[[##..####.....##.##
.#..[[##..##.##...##...## .#
.'..))##..##..##@##.....#...#
.#..))##..###.)#'#).D.R5...#
.#..))##..# ##.xxD).###3..##
########### ######## ####


You could see an ice dragon and 2 friendly small abominations.

Vanquished Creatures
  A sea snake (D)
  2 flayed ghosts (D)
  A spiny frog (D)
  A freezing wraith (D)
  A red devil (D)
  A troll (D)
  A merfolk (D)
  A jumping spider (D)
  A polar bear (D)
  A tarantella (D)
  A wyvern (D)
  A fire elemental (D)
  A warg (D)
  An eye of draining (D)
  3 wolves (D)
  7 wights (D)
  A quasit (D)
  3 orc priests (D)
  A hound (D)
  A jelly (D)
  2 orc wizards (D)
  2 iron imps (D)
  2 mummies (D)
  2 gnolls (D)
  An adder (D)
  A white imp (D)
  An ufetubus (D)
  A leopard gecko (D)
  4 orcs (D)
  2 bats (D)
  A goblin (D)
  A leopard gecko simulacrum (D)
51 creatures vanquished.

Vanquished Creatures (collateral kills)
  A deep elf mage (D)
  An efreet (D)
  A wraith (D)
  Duvessa (D)
  3 wolves (D)
  A wight (D)
  A bat skeleton (D)
9 creatures vanquished.

Vanquished Creatures (others)
  Dowan (D)
  A ball python (D)
  3 knights (D)
5 creatures vanquished.

Grand Total: 65 creatures vanquished

Notes
Turn   | Place    | Note
-------+----------+-------------------------------------------
     0 | D        | potatolord6000 the Minotaur Monk began the quest for the Orb.
     0 | D        | Reached XP level 1. HP: 19/19 MP: 0/0
    26 | D        | Reached skill level 1 in Armour
    59 | D        | Found a bloodstained altar of Trog.
    59 | D        | Found a deep blue altar of Sif Muna.
    59 | D        | Found a viscous altar of Jiyva.
    59 | D        | Found a hazy altar of Hepliaklqana.
    59 | D        | Found an opulent altar of Gozag.
    60 | D        | Found a glowing golden altar of the Shining One.
    60 | D        | Found a glowing silver altar of Zin.
    60 | D        | Found a basalt altar of Yredelemnul.
    60 | D        | Found a shimmering altar of Xom.
    60 | D        | Found an ornate altar of the Wu Jian Council.
    60 | D        | Found a sacrificial altar of Ru.
    60 | D        | Found a stormy altar of Qazlal.
    60 | D        | Found an iron altar of Okawaru.
    60 | D        | Found a sparkling altar of Nemelex Xobeh.
    60 | D        | Found a burning altar of Makhleb.
    60 | D        | Found a blossoming altar of Fedhas.
    60 | D        | Found a white marble altar of Elyvilon.
    60 | D        | Found a shadowy altar of Dithmenos.
    60 | D        | Found a snail-covered altar of Cheibriados.
    62 | D        | Found a radiant altar of Vehumet.
    62 | D        | Found a corrupted altar of Lugonu.
    62 | D        | Found a roughly hewn altar of Beogh.
    64 | D        | Found an ancient bone altar of Kikubaaqudgha.
    64 | D        | Found a hide-covered altar of Uskayaw.
    64 | D        | Found a shattered altar of Ashenzari.
    66 | D        | Became a worshipper of Hepliaklqana the Forgotten
    66 | D        | Reached * piety under Hepliaklqana
    66 | D        | Reached ** piety under Hepliaklqana
    72 | D        | Remembered your ancestor Nolwazi as a knight
   181 | D        | Reached XP level 2. HP: 25/25 MP: 1/1
   199 | D        | Reached skill level 5 in Axes
   200 | D        | Reached skill level 5 in Fighting
   200 | D        | Reached skill level 5 in Dodging
   200 | D        | Reached XP level 3. HP: 22/32 MP: 2/2
   204 | D        | Reached XP level 4. HP: 27/39 MP: 3/3
   204 | D        | Reached skill level 5 in Armour
   414 | D        | Reached *** piety under Hepliaklqana
   441 | D        | Reached XP level 5. HP: 34/46 MP: 4/4
   456 | D        | Reached XP level 6. HP: 27/54 MP: 5/5
   691 | D        | Noticed a freezing wraith
   701 | D        | Killed a freezing wraith
   701 | D        | Reached skill level 10 in Fighting
   701 | D        | Reached skill level 10 in Axes
   701 | D        | Reached XP level 7. HP: 21/64 MP: 6/6
   928 | D        | Noticed a flayed ghost
   928 | D        | Noticed a sea snake
   939 | D        | Killed a sea snake
   939 | D        | Reached skill level 10 in Armour
   939 | D        | Reached skill level 10 in Dodging
   939 | D        | Reached XP level 8. HP: 55/73 MP: 7/7
   945 | D        | Killed a flayed ghost
  1260 | D        | Reached **** piety under Hepliaklqana
  1286 | D        | Reached XP level 9. HP: 75/81 MP: 8/8
  1311 | D        | Noticed a spiny frog
  1316 | D        | Killed a spiny frog
  1469 | D        | Noticed a polar bear
  1469 | D        | Noticed a jumping spider
  1469 | D        | Noticed a red devil
  1474 | D        | Killed a polar bear
  1477 | D        | Killed a jumping spider
  1485 | D        | Killed a red devil
  1495 | D        | Noticed a flayed ghost
  1501 | D        | Killed a flayed ghost
  1503 | D        | Reached ***** piety under Hepliaklqana
  1503 | D        | Noticed a troll
  1504 | D        | Noticed a deep elf mage
  1506 | D        | Killed a troll
  1506 | D        | Reached skill level 5 in Invocations
  1506 | D        | Reached XP level 10. HP: 69/91 MP: 12/12
  1530 | D        | Killed a deep elf mage
  1630 | D        | Noticed Duvessa
  1630 | D        | Noticed Dowan
  1632 | D        | Killed Dowan
  1642 | D        | Killed Duvessa
  1893 | D        | Noticed an ice dragon
  1908 | D        | Killed from afar by an ice dragon

Vault maps used:
D:        pitsprint

Skill      XL: |  1  2  3  4  5  6  7  8  9 10 |
---------------+-------------------------------+-----
Armour         | 2 4 6 7 9 10 12 13 14 | 14.0
Axes           | 4 5 6 7 8 10 11 12 13 14 | 14.5
Fighting       | 4 5 6 7 8 10 11 12 13 14 | 14.4
Dodging        | 4 5 6 7 9 10 11 12 13 | 13.4
Invocations    | 5 6 |  6.7
Stealth        | |  1.5

Action                   |  1- 3 |  4- 6 |  7- 9 | 10-12 || total
-------------------------+-------+-------+-------+-------++-------
Melee: Hand axe          |    17 |    42 |       |       ||    59
       Headbutt          |     1 |    10 |    13 |     9 ||    33
       Battleaxe         |       |     8 |    51 |    30 ||    89
Invok: Ancestor Life: Kn |     1 |       |       |       ||     1
       Idealise          |       |       |       |     1 ||     1
  Use: Potion            |     4 |     4 |     5 |     2 ||    15
       Scroll            |       |       |       |     2 ||     2
 Stab: Invisible         |     1 |     4 |       |       ||     5
       Sleeping          |     1 |       |       |       ||     1
  Eat: Meat ration       |       |     2 |       |       ||     2
       Fruit             |       |       |     3 |       ||     3
Armor: Robe              |     5 |       |       |       ||     5
       Chain mail        |       |    15 |    12 |       ||    27
       Plate armour      |       |       |    14 |    12 ||    26
Dodge: Dodged            |    44 |    35 |    42 |    26 ||   147

Table legend:
 A = Spawn XP
 B = Non-spawn XP
 C = Spawn XP percentage of total XP
 D = Spawn monster count
 E = Non-spawn monster count
 F = Spawn count percentage of total count
 G = Total turns spent on level
                    A         B        C        D         E        F      G
               +---------+---------+-------+---------+---------+-------+---------
         Total |       0 |    8304 |   0.0 |       0 |      60 |   0.0 |  1908
               +---------+---------+-------+---------+---------+-------+---------
             D |       0 |    8304 |   0.0 |       0 |      60 |   0.0 |  1908
               +---------+---------+-------+---------+---------+-------+---------
